 Dungeon Crawl Stone Soup version 0.17-a0-18-gc25b939 (webtiles) character file.

11205 BluebellGnoll the Prestidigitator (level 11, -6/106 HPs)
             Began as a Deep Dwarf Hunter on Mar 9, 2015.
             Was an Elder of Makhleb.
             Mangled by an orc warrior
             ... wielding a +0 dire flail
              (24 damage)
             ... on level 11 of the Dungeon on Mar 10, 2015.
             The game lasted 01:11:57 (10708 turns).

BluebellGnoll the Prestidigitator (DDHu)           Turns: 10708, Time: 01:11:57

Health: -6/106     AC: 12    Str: 18    XL:     11   Next: 46%
Magic:  12/12      EV:  8    Int: 13    God:    Makhleb [****..]
Gold:   598        SH:  0    Dex: 16    Spells: 1 memorised, 9 levels left

rFire  + . .     SeeInvis .     D - +1 war axe
rCold  x . .     Clarity  .     r - +0 chain mail {rPois}
rNeg   . . .     SustAb   .     (no shield)
rPois  +         Gourm    .     (no helmet)
rElec  .         Spirit   .     (no cloak)
rCorr  .         Warding  .     (no gloves)
rMut   .         Stasis   .     A - +0 pair of boots
MR     +....                    s - amulet of rage
Stlth  ..........               z - ring of fire
                                E - +3 ring of dexterity

@: non-regenerating, somewhat resistant to hostile enchantments, extremely
unstealthy
A: damage resistance, recharge devices, molten scales 1, sense surroundings 2,
slow healing 3, wild magic 1
a: Device Recharging, Minor Destruction, Lesser Servant of Makhleb, Major
Destruction, Renounce Religion, Evoke Berserk Rage


You were on level 11 of the Dungeon.
You worshipped Makhleb.
Makhleb was greatly pleased with you.
You were not hungry.

You visited 2 branches of the dungeon, and saw 12 of its levels.

You collected 598 gold pieces.

Inventory:

Hand weapons
 b - a +1 hand crossbow
 D - a +1 war axe (weapon)
Missiles
 u - 35 bolts
Armour
 r - a +0 chain mail of poison resistance (worn)
 v - a +1 plate armour
 A - a +0 pair of boots (worn)
Jewellery
 m - an uncursed ring of see invisible
 q - an uncursed ring of protection from cold
 s - an amulet of rage (around neck)
 z - a ring of fire (right hand)
 E - a +3 ring of dexterity (left hand)
 G - an uncursed ring of sustain abilities
 H - a +3 ring of dexterity
 I - an uncursed ring of positive energy
 K - an uncursed ring of positive energy
Magical devices
 e - a wand of heal wounds (3)
 g - a wand of paralysis (12)
 x - a wand of disintegration (5)
 C - a wand of fire (12)
 F - a wand of confusion (11)
 N - a wand of digging (11)
Scrolls
 c - 3 scrolls of blinking
 i - 6 scrolls of remove curse
 l - 3 scrolls of teleportation
 w - 2 scrolls of magic mapping
 y - a scroll of enchant armour
 P - a scroll of immolation
Potions
 a - 2 potions of restore abilities {unknown}
 d - a potion of ambrosia {unknown}
 h - 2 potions of brilliance
 n - a potion of beneficial mutation {unknown}
 o - a potion of lignification {unknown}
 t - 3 potions of curing
 L - a potion of mutation {unknown}
 O - a potion of flight {unknown}
Books
 p - a book of Air

   Spells                             Type                      Level
   a - Shock                          Conjuration/Air              1
   b - Swiftness                      Charms/Air                   2
   c - Repel Missiles                 Charms/Air                   2
   d - Flight                         Charms/Air                   3
   e - Static Discharge               Conjuration/Air              3
   f - Lightning Bolt                 Conjuration/Air              5
 B - a book of Minor Magic

   Spells                             Type                      Level
   a - Magic Dart                     Conjuration                  1
   b - Blink                          Translocation                2
   c - Call Imp                       Summoning                    2
   d - Repel Missiles                 Charms/Air                   2
   e - Slow                           Hexes                        2
   f - Conjure Flame                  Conjuration/Fire             3
   g - Mephitic Cloud                 Conjuration/Poison/Air       3
 J - a Grand Grimoire {highlevel, unknown}

   This book is beyond your current level of understanding.

   Spells                             Type                      Level
   a - Aura of Abjuration             Summoning                    6
   b - Summon Greater Demon           Summoning                    7
   c - Malign Gateway                 Summoning/Translocation      7
   d - Summon Horrible Things         Summoning                    8
 M - a book of Spatial Translocations

   Spells                             Type                      Level
   a - Apportation                    Translocation                1
   b - Blink                          Translocation                2
   c - Shroud of Golubria             Charms/Translocation         2
   d - Portal Projectile              Translocation                3
   e - Teleport Other                 Translocation                3
   f - Passage of Golubria            Translocation                4
Comestibles
 f - 13 bread rations
 j - 3 meat rations
 Q - 10 royal jellies
 R - a chunk of flesh
 T - 3 fruits


   Skills:
 + Level 9.4 Fighting
 - Level 10.4 Axes
 - Level 4.3 Crossbows
 - Level 5.4 Armour
 - Level 2.1 Dodging
 - Level 1.2 Stealth
 - Level 4.2 Invocations
 - Level 13.8 Evocations


You had 9 spell levels left.
You knew the following spells:

 Your Spells              Type           Power        Failure   Level  Hunger
a - Apportation           Tloc           #.........   100%        1    ##.....


Dungeon Overview and Level Annotations

Branches:
Dungeon (11/15)            Temple (1/1) D:7            Lair (0/8) D:11
    Orc: D:9-12

Altars:
Ashenzari
Cheibriados
Dithmenos
Elyvilon
Fedhas
Gozag
Kikubaaqudgha
Makhleb
Nemelex Xobeh
Qazlal
Ru
Sif Muna
Trog
Vehumet
Xom
Yredelemnul
Zin
The Shining One

Shops:
D:11 :(%

Annotations:
D:7 Blackbelt's ghost, experienced DsGl


Innate Abilities, Weirdness & Mutations

You are resistant to damage.
You can recharge devices by infusing magical energy.
You passively map the area around you.
You do not heal naturally.
You are partially covered in molten scales (AC +1).
Your spells are a little harder to cast, but a little more powerful.


Message History

You throw a throwing net.
The throwing net completely misses the orc warrior.
The orc warrior shouts!
You barely miss the orc warrior.
The orc warrior hits you with a dire flail!
* * * LOW HITPOINT WARNING * * *
An orc knight comes into view. It is wielding a great mace.
You are too injured to fight recklessly!
You are too injured to fight recklessly!
Your chain mail prevents you from hitting the orc warrior.
You hit the orc warrior.
The orc warrior is lightly wounded.
The orc warrior hits you with a dire flail!
* * * LOW HITPOINT WARNING * * *
The orc knight roars a battlecry!
The orc warrior goes into a battle-frenzy!
You hit the orc warrior.
The orc warrior is moderately wounded.
The orc warrior hits you with a dire flail!!
You die...

* #...(..
#..†.##.## *
* ** #.....
#....##.##
#....#
###.....## ,
#....*
#..##.##
#...,* ,
##.#.... ,
#.. #......
.#######o###
, ##.....
.....[..)o.#
,* #.....
#######.@..##
, ####....
#.....# *
*#....>##
#))..##...
###.####
#.)(.#.... ,
#.#
#()..#.....
#.#
#.†.........
#.#
#.)..#.....
#.#
#..()#.#...
#.# #))).# .
.. #.#


You could see an orc knight and an orc warrior (frenzied).

Vanquished Creatures
  A hydra (D:11)
  Erolcha (D:10)
  A hill giant (D:9)
  An ugly thing (D:11)
  2 centaur zombies
  3 trolls
  A trapdoor spider zombie (D:8)
  2 shadows
  A vampire (D:11)
  Eustachio (D:10)
  4 yaks (D:6)
  A hungry ghost (D:11)
  4 hippogriffs
  The ghost of Kaesh the Skirmisher, an average OgFi (D:3)
  6 ogres
  4 centaurs
  3 ice beasts
  A sky beast (D:5)
  2 necrophages
  6 orc warriors
  3 phantoms
  7 giant frogs
  A wyvern zombie (D:11)
  3 scorpions
  10 killer bees
  2 quasits
  A goliath beetle (D:6)
  5 crimson imps
  3 gnoll shamans
  5 jellies
  6 orc priests
  3 giant frog zombies
  5 giant frog skeletons
  5 worker ants
  2 hounds (D:4)
  2 centaur skeletons
  11 orc wizards
  3 iguanas
  A giant frog simulacrum (D:11)
  A killer bee zombie (D:11)
  A hound zombie (D:5)
  A hound skeleton (D:4)
  A worker ant zombie (D:10)
  41 gnolls
  11 adders
  2 shadow imps (D:5)
  2 giant mites
  A worm (D:2)
  5 giant geckos
  6 oozes
  54 orcs
  2 bat skeletons
  5 giant cockroaches
  13 goblins
  18 hobgoblins
  21 jackals
  3 quokkas
  4 ball pythons
  12 bats
  A giant gecko skeleton (D:4)
  7 giant newts
  14 kobolds
  14 rats
  3 ballistomycetes (D:11)
367 creatures vanquished.

Vanquished Creatures (others)
  A giant spore (D:11)
1 creature vanquished.

Grand Total: 368 creatures vanquished

Notes
Turn   | Place    | Note
--------------------------------------------------------------
     0 | D:1      | BluebellGnoll, the Deep Dwarf Hunter, began the quest for the Orb.
     0 | D:1      | Reached XP level 1. HP: 19/19 MP: 1/1
   107 | D:1      | Reached XP level 2. HP: 24/27 MP: 2/2
   835 | D:2      | Reached XP level 3. HP: 18/34 MP: 3/3
  1197 | D:2      | Reached XP level 4. HP: 44/44 MP: 4/4
  1571 | D:3      | Noticed Kaesh's ghost (average OgFi)
  1603 | D:3      | Killed Kaesh's ghost
  1603 | D:3      | Reached skill level 5 in Fighting
  1603 | D:3      | Reached XP level 5. HP: 12/52 MP: 5/5
  2022 | D:4      | Reached skill level 1 in Axes
  2022 | D:4      | Reached skill level 1 in Armour
  2022 | D:4      | Reached XP level 6. HP: 37/61 MP: 6/6
  3026 | D:5      | Entered Level 5 of the Dungeon
  3153 | D:5      | Reached XP level 7. HP: 20/67 MP: 7/7
  3999 | D:5      | Reached skill level 5 in Axes
  4107 | D:5      | Reached skill level 5 in Armour
  4231 | D:5      | Reached XP level 8. HP: 36/75 MP: 6/6
  4633 | D:5      | Reached skill level 6 in Axes
  4923 | D:5      | Reached skill level 1 in Evocations
  5066 | D:5      | Gained mutation: You are partially covered in molten scales (AC +1). [mutagenic meat]
  5067 | D:5      | Gained mutation: Your spells are a little harder to cast, but a little more powerful. [mutagenic meat]
  5436 | D:6      | Reached skill level 5 in Evocations
  5497 | D:6      | Found a white marble altar of Elyvilon.
  5682 | D:6      | Reached skill level 7 in Axes
  5692 | D:6      | Gained mutation: You passively map the area around you. [level up]
  5692 | D:6      | Reached XP level 9. HP: 43/82 MP: 12/12
  5692 | D:6      | Reached skill level 8 in Axes
  5778 | D:6      | Reached skill level 9 in Axes
  5796 | D:6      | Found a deep blue altar of Sif Muna.
  6337 | D:7      | Found a staircase to the Ecumenical Temple.
  6358 | Temple   | Entered the Ecumenical Temple
  6375 | Temple   | Became a worshipper of Makhleb the Destroyer
  6490 | D:7      | Reached skill level 10 in Axes
  6552 | D:7      | Noticed Blackbelt's ghost (experienced DsGl)
  6796 | D:7      | Reached skill level 1 in Invocations
  7060 | D:8      | Found a stormy altar of Qazlal.
  7062 | D:8      | Noticed Erolcha
  7235 | D:8      | Acquired Makhleb's first power
  7308 | D:8      | Reached XP level 10. HP: 36/94 MP: 10/10
  7871 | D:9      | Acquired Makhleb's second power
  8157 | D:9      | Noticed a hill giant
  8173 | D:9      | Killed a hill giant
  8182 | D:9      | Found a glowing silver altar of Zin.
  8669 | D:10     | Entered Level 10 of the Dungeon
  8757 | D:10     | Learned a level 1 spell: Apportation
  8844 | D:10     | Reached skill level 10 in Evocations
  9203 | D:10     | Acquired Makhleb's third power
  9203 | D:10     | Reached skill level 11 in Evocations
  9226 | D:10     | Killed Erolcha
  9226 | D:10     | Reached skill level 12 in Evocations
  9269 | D:10     | Noticed Eustachio
  9290 | D:10     | Killed Eustachio
  9461 | D:10     | Reached XP level 11. HP: 40/104 MP: 14/14
  9937 | D:11     | Found Pnaow Led's Book Boutique.
  9949 | D:11     | Found Adogexuph's Weapon Shop.
  9970 | D:11     | Found Aloashuani's Food Shop.
  9986 | D:11     | Reached skill level 13 in Evocations
 10027 | D:11     | Found a staircase to the Lair.
 10091 | D:11     | Noticed a six-headed hydra
 10121 | D:11     | Killed a 19-headed hydra
 10180 | D:11     | Acquired Makhleb's fourth power
 10628 | D:11     | HP: 4/106 [orc warrior/flail (10)]
 10636 | D:11     | HP: 3/106 [orc warrior/flail (1)]
 10708 | D:11     | Mangled by an orc warrior

Action                   |  1- 3 |  4- 6 |  7- 9 | 10-12 || total
-------------------------+-------+-------+-------+-------++-------
Melee: Short sword       |    71 |    41 |       |       ||   112
       Hand axe          |       |   114 |   509 |       ||   623
       War axe           |       |       |   198 |   571 ||   769
 Fire: Hand crossbow     |    58 |    76 |    64 |    12 ||   210
Throw: Throwing net      |       |       |     4 |     2 ||     6
 Abil: Device Recharging |       |       |     9 |     6 ||    15
Evoke: Wand              |     1 |     4 |    37 |    48 ||    90
  Use: Potion            |     3 |       |     4 |     2 ||     9
       Scroll            |     1 |     5 |     9 |     2 ||    17
 Stab: Distracted        |     1 |       |       |       ||     1
       Held in net/web   |       |       |     2 |       ||     2
       Paralysed         |       |       |       |    36 ||    36
       Confused          |       |       |       |     8 ||     8
  Eat: Chunk             |     1 |     6 |    17 |    12 ||    36
